 Dungeon Crawl Stone Soup version 0.18.1-48-g4cf74bf (webtiles) character file.

27 Iskender the Caller (level 3, -1/21 HPs)
             Began as an Octopode Summoner on Sept 6, 2016.
             Slain by an adder (4 damage)
             ... on level 2 of the Dungeon.
             The game lasted 00:06:28 (1190 turns).

Iskender the Caller (Octopode Summoner)             Turns: 1190, Time: 00:06:29

Health: -1/21      AC:  1    Str:  7    XL:     3   Next: 10%
Magic:  2/6        EV: 12    Int: 17    God:
Gold:   57         SH:  0    Dex: 13    Spells: 3 memorised, 0 levels left

rFire  . . .     SeeInvis .     (no weapon)
rCold  . . .     Gourm    +     (no shield)
rNeg   . . .     Faith    .     (helmet restricted)
rPois  .         Spirit   .     d - amulet of the gourmand
rElec  .         Dismiss  .     (no ring)
rCorr  .         Reflect  .     (no ring)
SustAt .         Harm     .     (no ring)
MR     .....                    (no ring)
Stlth  +++.......               (no ring)
                                (no ring)
                                (no ring)
                                (no ring)

@: lethally poisoned (-1 -> -7), not resistant to hostile enchantments, fairly
stealthy
A: almost no armour, amphibious, 8 rings, constrict 8, camouflage 1, gelatinous
body 1
a: no special abilities


You were on level 2 of the Dungeon.
You were completely stuffed.

You visited 1 branch of the dungeon, and saw 2 of its levels.

You collected 57 gold pieces.

Inventory:

Missiles
 i - 19 bolts
Jewellery
 c - an uncursed ring of ice
 d - an amulet of the gourmand (around mantle)
Scrolls
 k - a scroll of immolation {unknown}
 m - a scroll of random uselessness {unknown}
Potions
 e - a potion of heal wounds {unknown}
 f - a potion of curing {unknown}
 g - a potion of haste {unknown}
 j - a potion of agility {unknown}
Books
 a - a book of Callings

   Spells                             Type                      Level
   a - Summon Small Mammal            Summoning                    1
   b - Call Imp                       Summoning                    2
   c - Call Canine Familiar           Summoning                    3
   d - Summon Guardian Golem          Hexes/Summoning              3
   e - Summon Lightning Spire         Summoning/Air                4
   f - Summon Ice Beast               Ice/Summoning                4
Comestibles
 b - a bread ration
 h - a meat ration
 l - 3 chunks of flesh


   Skills:
 - Level 2.0 Dodging
 + Level 2.8 Stealth
 - Level 2.0 Spellcasting
 - Level 4.9 Summonings


You couldn't memorise any spells.
You knew the following spells:

 Your Spells              Type           Power        Failure   Level  Hunger
a - Call Imp              Summ           ###.....     4%          2    ###....
i - Call Canine Familiar  Summ           ###.....     10%         3    ###....
Z - Summon Small Mammal   Summ           ###.         2%          1    #......


Dungeon Overview and Level Annotations

Branches:
Dungeon (2/15)

Altars:


Innate Abilities, Weirdness & Mutations

You cannot wear most types of armour.
You are amphibious.
You can wear up to eight rings at the same time.
You can use your tentacles to constrict eight enemies at once.
Your skin changes colour to match your surroundings (Stealth).
Your rubbery body absorbs attacks (AC +1).


Message History

Anything else - Stay silent.
Gang up on whom?
Press: ? - help, Dir - move target cursor, f - adder
Aim: an adder (resting) Attack!
Your white imp misses the adder.
Your white imp barely misses the adder.
Casting: Call Imp
Confirm with . or Enter, or press ? or * to list all spells.
The adder bites you.
* * * LOW HITPOINT WARNING * * *
You are lethally poisoned!
The adder poisons you!
Your white imp misses the adder.
A worm comes into view.
* * * LOW HITPOINT WARNING * * *
You feel sick.
Your white imp disappears in a puff of smoke!
The adder bites you.
* * * LOW HITPOINT WARNING * * *
The adder bites you.
You die...

... ... #.# #.# #.# #.#
###.#######
#..@......###
#..Sh........
#.....w......
#.##########ยง###......
........####.# .....
#.........<#.# ....
#.######.###.# ...
#..##.# .. ##.##.# .. .


You could see a worm, an adder and a friendly hound.

Vanquished Creatures
  A giant gecko (D:1)
  3 bats (D:1)
  A giant cockroach (D:1)
  4 goblins
  3 hobgoblins (D:1)
  A jackal (D:1)
  A rat (D:1)
14 creatures vanquished.

Vanquished Creatures (collateral kills)
  A gnoll (D:1)
  A goblin (D:1)
  A hobgoblin (D:1)
  2 jackals (D:1)
  A quokka (D:2)
  A bat (D:1)
7 creatures vanquished.

Grand Total: 21 creatures vanquished

Notes
Turn   | Place    | Note
--------------------------------------------------------------
     0 | D:1      | Iskender the Octopode Summoner began the quest for the Orb.
     0 | D:1      | Reached XP level 1. HP: 11/11 MP: 3/3
   521 | D:1      | Reached XP level 2. HP: 17/17 MP: 3/5
   554 | D:1      | Learned a level 2 spell: Call Imp
  1020 | D:1      | Reached XP level 3. HP: 21/21 MP: 6/6
  1136 | D:2      | Learned a level 3 spell: Call Canine Familiar
  1190 | D:2      | Slain by an adder

Action                   || total
-------------------------++-------
Melee: Unarmed           ||    48
       Constrict         ||    11
       Tentacles         ||     4
 Cast: Summon Small Mamm ||     4
       Call Imp          ||     5
       Call Canine Famil ||     1
 Stab: Sleeping          ||     6
  Eat: Chunk             ||    13
Armor: Skin              ||     6
Dodge: Dodged            ||    28
